 Dungeon Crawl Stone Soup version 0.27-a0-1193-g8631133539 (webtiles) character file.

Game seed: 703707833687273385

1589 robertstho the Skirmisher (level 8, 0/70 (71) HPs)
             Began as a Yellow Draconian Berserker on May 25, 2021.
             Was a Priest of Trog.
             Slain by a wyvern zombie (2 damage)
             ... on level 7 of the Dungeon.
             The game lasted 00:05:35 (5588 turns).

robertstho the Skirmisher (DrBe)                    Turns: 5588, Time: 00:05:35

HP:   0/70 (71)     AC: 12    Str: 21    XL:     8   Next: 61%
MP:   8/8           EV: 13    Int:  8    God:    Trog [***...]
Gold: 251           SH:  0    Dex: 11    Spells: 7/7 levels left

rFire    . . .     SeeInvis +   j - +1 trident (flame)
rCold    . . .     Faith    .   (no shield)
rNeg     . . .     Spirit   .   (armour unavailable)
rPois    .         Reflect  .   (helmet restricted)
rElec    .         Harm     .   s - +0 cloak
rCorr    +         Rampage  .   m - +0 pair of gloves
Will     .....                  (no boots)
Stlth    ++........             q - amulet of the acrobat
HPRegen  0.21/turn              x - +4 ring of protection
MPRegen  0.11/turn              (no ring)

@: mighty, on berserk cooldown, slowed, lightly drained, very slow
A: spit acid, AC +6, unfitting armour, cold-blooded, acid resistance, see
invisible, screaming 1, wild magic 1
a: Breathe Acid, Renounce Religion, Berserk, Trog's Hand


You were on level 7 of the Dungeon.
You worshipped Trog.
Trog was most pleased with you.
You visited 1 branch of the dungeon, and saw 7 of its levels.

You collected 251 gold pieces.

Inventory:

Hand Weapons
 a - a +0 falchion
 j - a +1 trident of flaming (weapon)
Missiles
 g - 6 curare-tipped darts
Armour
 m - a +0 pair of gloves (worn)
 s - a +0 cloak (worn)
Jewellery
 q - an amulet of the acrobat (around neck)
 x - a +4 ring of protection (left hand)
Scrolls
 b - 2 scrolls of fear
 c - 3 scrolls of identify
 h - 2 scrolls of amnesia
 k - a scroll of magic mapping {unknown}
 l - a scroll of teleportation {unknown}
 n - a scroll of acquirement {unknown}
 p - a scroll of vulnerability {unknown}
 u - a scroll of noise {unknown}
 y - a scroll of holy word {unknown}
 z - a scroll of torment {unknown}
 A - a scroll of fog {unknown}
Potions
 d - 4 potions of curing {unknown}
 e - 3 potions of degeneration {unknown}
 f - 4 potions of heal wounds {unknown}
 i - a potion of attraction {unknown}
 o - a potion of ambrosia {unknown}
 r - a potion of haste {unknown}
 t - a potion of magic {unknown}


   Skills:
 * Level 6.8 Fighting
 + Level 3.6 Long Blades
 + Level 5.4 Polearms
 * Level 5.9 Dodging
 * Level 4.0 Stealth


You had 7 spell levels left.
You didn't know any spells.
Your spell library was empty.

Dungeon Overview and Level Annotations

Branches:
Dungeon (7/15)             Temple (0/1) D:6

Altars:
Ru

Shops:
D:6 =


Innate Abilities, Weirdness & Mutations

You can spit globs of acid.
Your golden yellow scales are hard. (AC +6)
You cannot fit into any form of body armour.
You are cold-blooded and may be slowed by cold attacks.
You are resistant to acid. (rCorr)
You have supernaturally acute eyesight. (SInv)
You occasionally shout uncontrollably at your foes.
Your spells are a little harder to cast, but a little more powerful.


Message History

You kill the orc warrior!
Trog accepts your kill. The ice beast closely misses you.
Your life force feels restored.
You barely miss the wyvern zombie. The wyvern zombie bites you!
The wight hits you with a +3 dire flail!
* * * LOW HITPOINT WARNING * * *
You puncture the wyvern zombie! You burn the wyvern zombie.
The wyvern zombie is moderately damaged.
The wyvern zombie bites you.
* * * LOW HITPOINT WARNING * * *
The ice beast hits you but does no damage.
The wight hits you with a +3 dire flail.
* * * LOW HITPOINT WARNING * * *
You feel drained.
You feel a strong urge to attack something.
You feel your anger nearly subside.
You are no longer berserk.
You are exhausted.
You feel yourself slow down.
As you read the scroll labelled TEEX DOELA, it crumbles to dust.
You assume a fearsome visage.
The wyvern zombie is unaffected.
The ice beast looks frightened!
The wight is unaffected.
It was a scroll of fear.
As you read the scroll labelled CYHAJO KUWYTYH, it crumbles to dust.
It is a scroll of identify.
h - 2 scrolls of amnesia The wyvern zombie bites you!
* * * LOW HITPOINT WARNING * * *
It was a potion of mutation.
You feel extremely strange.
Your vision sharpens.
You feel the urge to shout.
You feel less in control of your magic.
You hear the faint creaking of a portcullis very nearby.
The wyvern zombie barely misses you.
The wight hits you with a +3 dire flail.
* * * LOW HITPOINT WARNING * * *
It was a potion of might.
You feel very mighty all of a sudden.
The wyvern zombie completely misses you.
The wight barely misses you. The wyvern zombie bites you.
You die...

...:...#.#.#
≈≈≈≈..[#.#.#
.##≈..##...#
#≈.####..#######
#≈....[........#
#≈.............##
#≈..............###
≈≈................#
...........@.####..#
...........zZ# #..#
.(...........# #..#
............# ...#
..........# #.#
......!...)..# .#
......>.......♣
..........##.#..#
########..# ...##


You could see a wight and a wyvern zombie.

Vanquished Creatures
  Pikel (D:6)
  A water moccasin (D:5)
  2 necrophages (D:5)
  An orc warrior (D:7)
  A sky beast (D:6)
  A centaur (D:6)
  A wyvern zombie (D:6)
  A water moccasin skeleton (D:6)
  A water moccasin zombie (D:6)
  A bullfrog zombie (D:6)
  3 hounds
  A bullfrog skeleton (D:6)
  2 iguanas (D:4)
  A hound skeleton (D:5)
  A mummy (D:4)
  Robin (D:4)
  3 gnolls (D:5)
  4 adders
  2 shadow imps
  A white imp (D:6)
  2 ufetubi
  A worm (D:2)
  A dart slug (D:3)
  5 orcs
  5 ball pythons
  2 endoplasms
  A giant cockroach (D:2)
  13 goblins
  10 hobgoblins
  14 jackals
  3 quokkas
  2 bats
  2 frilled lizards (D:2)
  4 kobolds
  2 kobold zombies (D:4)
  2 orc zombies (D:4)
  7 rats
106 creatures vanquished.

Notes
Turn   | Place    | Note
-------+----------+-------------------------------------------
     0 | D:1      | robertstho the Draconian Berserker began the quest for the
                  | Orb.
     0 | D:1      | Reached XP level 1. HP: 19/19 MP: 1/1
   221 | D:1      | Reached XP level 2. HP: 22/26 MP: 2/2
   817 | D:1      | Noticed a troll
  1041 | D:2      | Reached XP level 3. HP: 23/33 MP: 3/3
  1181 | D:2      | Found a faded altar of an unknown god.
  1552 | D:2      | Reached ** piety under Trog
  1877 | D:3      | Reached skill level 1 in Stealth
  1974 | D:3      | Reached skill level 4 in Fighting
  2183 | D:3      | Found a sacrificial altar of Ru.
  2225 | D:3      | Reached XP level 4. HP: 40/40 MP: 4/4
  2837 | D:4      | You fall into a shaft and drop 1 floor!
  2837 | D:5      | Entered Level 5 of the Dungeon
  3024 | D:4      | Noticed Robin
  3034 | D:4      | Reached XP level 5. HP: 44/47 MP: 5/5
  3047 | D:4      | Reached *** piety under Trog
  3049 | D:4      | Reached skill level 1 in Polearms
  3056 | D:4      | Killed Robin
  3905 | D:5      | Noticed a necrophage
  3913 | D:5      | Killed a necrophage
  3914 | D:5      | Reached XP level 6. HP: 46/53 MP: 6/6
  4099 | D:5      | Reached skill level 5 in Fighting
  4222 | D:5      | Noticed a water moccasin
  4231 | D:5      | Killed a water moccasin
  4232 | D:5      | Your scales start taking on a golden yellow colour.
  4232 | D:5      | Reached XP level 7. HP: 52/61 MP: 7/7
  4232 | D:5      | Gained mutation: You are resistant to acid. (rCorr) [Yellow
                  | Draconian growth]
  4341 | D:6      | Noticed Pikel
  4355 | D:6      | Killed Pikel
  4356 | D:6      | Reached skill level 5 in Dodging
  4356 | D:6      | Reached XP level 8. HP: 70/70 MP: 8/8
  4554 | D:6      | Reached skill level 6 in Fighting
  4872 | D:6      | Reached skill level 5 in Polearms
  4929 | D:6      | Found a staircase to the Ecumenical Temple.
  4962 | D:6      | Found Lyfih's Jewellery Boutique.
  5587 | D:7      | Gained mutation: You have supernaturally acute eyesight.
                  | (SInv) [potion of mutation]
  5587 | D:7      | Gained mutation: You occasionally shout uncontrollably at
                  | your foes. [potion of mutation]
  5587 | D:7      | Gained mutation: Your spells are a little harder to cast,
                  | but a little more powerful. [potion of mutation]
  5587 | D:7      | HP: 2/70 [wight/+3 dire flail (3)]
  5588 | D:7      | Slain by a wyvern zombie

Illustrated notes

Levels and vault maps discovered:
D:1:      erik_arrival_cave_to_civilisation [erik_arrival_cave_to_temple],
          layout_loops_ring, minmay_tree_intersection, minmay_pentomino_r4
D:2:      layout_rooms, hellmonk_ecumenical_altar_prayer_group,
          minmay_misc_feat_rugged
D:3:      layout_basic, nicolae_ru_sacrificial_ziggurat,
          ebering_dispersal_statue_hall
D:4:      layout_basic, minmay_mini_ossuary, uniq_robin
D:5:      layout_basic
D:6:      layout_basic, minmay_temple_entry_wispy, serial_shops,
          nicolae_shop_statue_plus, uniq_pikel
D:7:      minmay_the_grid_octo_tiled_squarecenter
          [minmay_the_grid_octo_fan_narrow, minmay_the_grid_octo_77,
          minmay_the_grid_octo_shrine, minmay_the_grid_octo_clover,
          minmay_the_grid_square_5x5_megaprize_diamond,
          minmay_the_grid_square_5x5_seven, minmay_the_grid_square_5x5_eight,
          minmay_the_grid_square_5x5_fat_x, minmay_the_grid_square_5x5_spiral],
          layout_basic, enter_bailey_3, minmay_ruined_shrine

Skill      XL: |  1  2  3  4  5  6  7  8 |
---------------+-------------------------+-----
Dodging        | 3 4 5 |  5.9
Stealth        | 1 2 3 4 |  4.0
Fighting       | 4 5 6 |  6.8
Polearms       | 2 3 4 5 |  5.4
Long Blades    | |  3.6

Action                   |  1- 3 |  4- 6 |  7- 9 || total
-------------------------+-------+-------+-------++-------
Melee: Falchion          |    80 |       |       ||    80
       Tailslap          |    10 |     7 |    18 ||    35
       Trident           |    22 |   115 |   107 ||   244
Invok: Berserk           |       |     3 |     3 ||     6
  Use: Scroll            |       |       |     2 ||     2
       Potion            |       |       |     2 ||     2
 Stab: Sleeping          |     2 |     1 |       ||     3
       Distracted        |       |     1 |     1 ||     2
Armor: Skin              |    24 |    52 |    47 ||   123
Dodge: Dodged            |    70 |   110 |    85 ||   265
       Rpst.: Falchion   |    21 |       |       ||    21

Table legend: (Time is in decaauts)
 A = Elapsed time spent in this place.
 B = Non-inter-level travel time spent in this place.
 C = Inter-level travel time spent in this place.
 D = Time resting spent in this place.
 E = Time spent auto-exploring this place.
 F = Levels seen in this place.
 G = Mean time per level.
                   A        B        C        D        E       F      G
               +--------+--------+--------+--------+--------+-----+--------+
         Total |   5676 |   5501 |    175 |      0 |   4736 |   7 |  810.9 |
       Dungeon |   5676 |   5501 |    175 |      0 |   4736 |   7 |  810.9 |
               +--------+--------+--------+--------+--------+-----+--------+

Top non-repeatable levels by time:
     D:6: 1176 daAuts
     D:4: 1036 daAuts
     D:1: 968 daAuts
     D:3: 923 daAuts
     D:2: 817 daAuts
     D:5: 653 daAuts
     D:7: 101 daAuts
